Map: Lightshade LE

Players

flyrevciozz - Winner!

  • Race: Protoss Protoss
  • League: Master

jeanpascal

  • Race: Zerg Zerg
  • League: Platinum

VOD

Have the link to the VOD?

Description

Time

  • Played on: May 16, 2021, 2:08 p.m.
  • Length: 2:53
Show
View Real Time Build Order
Export as new Build Order

flyrevciozz Protoss - Winner!

Build Orders:  

Get SALT Encoding   

  12  0:00  Probe  
  13  0:12  Probe  
  14  0:24  Probe  
  15  0:37  Pylon  
  15  0:55  Probe  
  15  0:56  Gateway  
  16  0:57  Gateway  
  16  1:04  Gateway  
  16  1:14  Gateway  
  16  1:35  Pylon  
  16  1:42  Zealot (Chrono Boost)  
  16  1:43  Zealot (Chrono Boost)  
  22  1:55  Zealot (Chrono Boost)  
  22  2:00  Zealot  
  22  2:01  Zealot  
  26  2:13  Zealot  
  28  2:19  Zealot (Chrono Boost)  
  30  2:31  Pylon  
Show
View Real Time Build Order
Export as new Build Order

jeanpascal Zerg 

Build Orders: Hatch First 

Get SALT Encoding   

  12  0:01  Drone  
  13  0:15  Overlord  
  13  0:20  Drone  
  14  0:33  Drone x2  
  16  0:41  Drone  
  17  0:48  Drone  
  18  1:02  Hatchery  
  17  1:07  Spawning Pool  
  17  1:10  Drone  
  17  1:16  Extractor, Drone  
  17  1:20  Drone  
  18  1:30  Drone  
  19  1:55  Queen  
  19  1:59  Zergling x2  
  23  2:09  Overlord  
  23  2:15  Spine Crawler x2  
  21  2:16  Spine Crawler  
  21  2:17  Spine Crawler  
  21  2:19  Spine Crawler, Drone x2  
  20  2:28  Spine Crawler  
  20  2:32  Spine Crawler  
Tags
 
Add a new tag
Caveats
  • Supply blocks, unpowered buildings, or Contaminate may cause inaccurate times.
  • Supply counts are checked every 10 seconds.